 Dungeon Crawl Stone Soup version 0.25.1-2-g60ff931df9 (webtiles) character file.

Game seed: 16202504030150613788

34 DerDa the Stinger (level 3, 0/24 HPs)
             Began as a Formicid Venom Mage on Sept 26, 2020.
             Succumbed to an adder's poison
             ... on level 2 of the Dungeon.
             The game lasted 00:04:17 (1236 turns).

DerDa the Stinger (Formicid Venom Mage)             Turns: 1236, Time: 00:04:18

Health: 0/24       AC:  2    Str: 12    XL:     3   Next: 50%
Magic:  2/7        EV: 12    Int: 15    God:
Gold:   65         SH:  0    Dex: 11    Spells: 1/7 levels left

rFire    . . .     SeeInvis +   b - +0 whip
rCold    + . .     Gourm    .   (no shield)
rNeg     . . .     Faith    .   a - +0 robe
rPois    .         Spirit   .   (helmet unavailable)
rElec    .         Reflect  .   (no cloak)
rCorr    .         Harm     .   (no gloves)
MR       .....                  (no boots)
Stlth    ++........             (no amulet)
HPRegen  0.08/turn              l - ring of protection from cold
MPRegen  0.10/turn              (no ring)

@: brilliant, lethally poisoned (0 -> -5), very slightly contaminated
A: permanent stasis, dig shafts and tunnels, four strong arms, antennae 3
a: Dig, Shaft Self


You were on level 2 of the Dungeon.
You were not hungry.

You visited 1 branch of the dungeon, and saw 2 of its levels.

You collected 65 gold pieces.

Inventory:

Hand Weapons
 b - a +0 whip (weapon)
 f - a cursed +0 hunting sling
Missiles
 e - 22 arrows
 i - 19 stones (quivered)
Armour
 a - a +0 robe (worn)
Jewellery
 l - a ring of protection from cold (left hand)
Scrolls
 j - a scroll of random uselessness {unknown}
 k - a scroll of identify {unknown}
 m - a scroll of enchant armour {unknown}
Potions
 d - a potion of brilliance
Comestibles
 c - 3 rations
 h - 3 chunks of flesh


   Skills:
 - Level 1.7 Dodging
 - Level 2.4 Stealth
 * Level 2.9 Spellcasting
 + Level 1.7 Transmutations
 * Level 4.8 Poison Magic


You had one spell level left.
You knew the following spells:

 Your Spells              Type           Power        Failure   Level  Hunger
a - Sting                 Tmut/Pois      ###.         5%          1    None
b - Poisonous Vapours     Pois/Air       ##....       12%         2    None
c - Mephitic Cloud        Conj/Pois/Air  ##......     30%         3    None

Your spell library contained the following spells:

 Spells                   Type           Power        Failure   Level  Hunger
 Ignite Poison            Fire/Tmut/Pois ##......     24%         3    None
 Olgreb's Toxic Radiance  Pois           ###.....     28%         4    None


Dungeon Overview and Level Annotations

Branches:
Dungeon (2/15)

Altars:
Nemelex Xobeh


Innate Abilities, Weirdness & Mutations

You cannot be hasted, slowed, berserked, paralysed or teleported.
You can dig through walls and to a lower floor.
Your four strong arms can wield two-handed weapons with a shield.
You have a pair of large antennae on your head. (SInv)


Message History

You feel sick.
You see here an adder corpse.
You butcher the adder corpse.
* * * LOW HITPOINT WARNING * * *
You feel sick.
Things that are here:
a chunk of flesh; an adder skeleton
h - 3 chunks of flesh (gained 1)
* * * LOW HITPOINT WARNING * * *
You feel sick.
* * * LOW HITPOINT WARNING * * *
You feel sick.
* * * LOW HITPOINT WARNING * * *
You feel sick.
You see here a scroll labeled NAIHUNTORAHET.
* * * LOW HITPOINT WARNING * * *
You feel sick.
* * * LOW HITPOINT WARNING * * *
You feel sick.
You die...

##.##........#
#.#####..# #
#?#......#
#.##.#.###.##
#.#....# #.#
#......###.#
#.......##.#
##......##.#
##.@...#
##.......#
.....####
#####.# .# .#


There were no monsters in sight!

Vanquished Creatures
  An adder (D:2)
  A dart slug (D:1)
  3 ball pythons
  2 giant cockroaches (D:1)
  3 hobgoblins (D:1)
  4 jackals (D:1)
  A bat (D:1)
  A frilled lizard (D:1)
  2 goblins
  2 kobolds (D:1)
  A rat (D:1)
21 creatures vanquished.

Vanquished Creatures (others)
  5 toadstools (D:1)
5 creatures vanquished.

Grand Total: 26 creatures vanquished

Notes
Turn   | Place    | Note
-------+----------+-------------------------------------------
     0 | D:1      | DerDa the Formicid Venom Mage began the quest for the Orb.
     0 | D:1      | Reached XP level 1. HP: 13/13 MP: 3/3
   397 | D:1      | Found a sparkling altar of Nemelex Xobeh.
   519 | D:1      | Reached XP level 2. HP: 19/19 MP: 1/5
   853 | D:1      | Reached XP level 3. HP: 11/24 MP: 0/7
  1050 | D:1      | Learned a level 2 spell: Poisonous Vapours
  1164 | D:1      | Learned a level 3 spell: Mephitic Cloud
  1234 | D:2      | HP: 1/24 [poisoned by an adder]
  1236 | D:2      | Succumbed to an adder's poison

Illustrated notes

Levels and vault maps discovered:
D:1:      ldierk_walled_garden, layout_basic, st_stairs_1, nemelex_altar_shiori
D:2:      layout_loops_ring, lemuel_coloured_pillars_altar,
          overflow_temple_1_default

Action                   || total
-------------------------++-------
Melee: Whip              ||    37
       Unarmed           ||     1
 Cast: Sting             ||    32
  Use: Potion            ||     2
  Eat: Chunk             ||     1
Armor: Robe              ||    11
Dodge: Dodged            ||    36
